 Dungeon Crawl Stone Soup version 0.24.0-125-gc4c63601f3 (webtiles) character file.

Game seed: 15849130924918633301, levelgen mode: deterministic

501 Leibowitz the Covered (level 6, 0/82 HPs)
             Began as a Minotaur Fighter on Feb 23, 2020.
             Slain by Blork the orc
             ... wielding a +0 battleaxe
              (2 damage)
             ... on level 4 of the Dungeon.
             The game lasted 00:09:42 (2801 turns).

Leibowitz the Covered (Minotaur Fighter)            Turns: 2801, Time: 00:09:43

Health: 0/82       AC: 23    Str: 28    XL:     6   Next: 95%
Magic:  0/5        EV:  2    Int:  5    God:
Gold:   227        SH: 10    Dex:  9    Spells: 5/5 levels left

rFire    . . .     SeeInvis .   a - +0 long sword
rCold    . . .     Gourm    .   c - +0 shield
rNeg     + + +     Faith    .   (armour currently unavailable)
rPois    +         Spirit   +   (helmet currently unavailable)
rElec    .         Reflect  .   (cloak currently unavailable)
rCorr    .         Harm     .   (gloves currently unavailable)
MR       .....     NoTele   +   (boots currently unavailable)
Stlth    +.........             i - amulet of guardian spirit
HPRegen  0.23/turn              (no ring)
MPRegen  0.09/turn              (no ring)

@: mighty, tree-form
A: (retaliatory headbutt)
a: no special abilities


You were on level 4 of the Dungeon.
You were hungry.
You were a tree.
You visited 1 branch of the dungeon, and saw 4 of its levels.

You collected 227 gold pieces.

Inventory:

Hand Weapons
 a - a +0 long sword (weapon)
Armour
 c - a +0 shield (worn)
 j - a +0 chain mail
 q - a +0 ring mail of poison resistance (melded)
Jewellery
 i - an amulet of guardian spirit (around neck)
Scrolls
 e - a scroll of amnesia {unknown}
 h - 2 scrolls of identify {unknown}
 k - a scroll of random uselessness {unknown}
 m - 4 scrolls of teleportation {unknown}
 n - a scroll of fear {unknown}
 o - a scroll of enchant weapon {unknown}
 p - a scroll of magic mapping {unknown}
Potions
 l - 2 potions of curing
 r - a potion of flight {unknown}
Comestibles
 f - 2 rations


   Skills:
 * Level 4.9 Fighting
 * Level 5.3 Long Blades
 * Level 5.5 Armour
 * Level 2.1 Dodging
 + Level 0.3 Stealth
 * Level 5.3 Shields


You had 5 spell levels left.
You didn't know any spells.
Your spell library was empty.

Dungeon Overview and Level Annotations

Branches:
Dungeon (4/15)
 Temple: D:4-7

Altars:
Ru
Zin

Annotations:
D:4 Blork the orc, Dowan


Innate Abilities, Weirdness & Mutations

((You reflexively headbutt those who attack you in melee.))
((You have a pair of horns on your head.))


Message History

Unknown command.
It was a potion of lignification.
You turn into a tree.
Your +0 ring mail of poison resistance melds into your body.
You no longer feel resistant to poison.
Your roots penetrate the ground.
Something hits you but does no damage. Dowan casts a spell at you.
The shard of ice hits something!!
Dowan gestures wildly while chanting.
Dowan blinks!
Something hits you but does no damage.
You miss something. Something hits you but does no damage.
Something hits you but does no damage. Something completely misses you.
You miss something. Something hits you.
* * * LOW HITPOINT WARNING * * *
You barely miss something.
You hear some strange, mumbled words.
A puff of flame appears from out of thin air!
The puff of flame hits you but does no damage.
Something hits you.
You die...

#.......).........
#.................
#.............a...
#.................
#........#########
#### #..>.....#
#... #....##.##
####.#. #... #{#
########...... #..
#♣# .........#.###
#.##.#######.#.#..
#.#..........###.#
#.#..#######......
#.#.......#..###.#
#.#.....#....#...#
#.#####<#.#..#.###
#.#######.#.......
#.........#......#


There were no monsters in sight!

Vanquished Creatures
  Sigmund (D:3)
  Duvessa (D:4)
  An orc priest (D:3)
  An orc wizard (D:3)
  A worker ant (D:4)
  5 adders
  2 oozes
  A worm (D:2)
  2 dart slugs (D:1)
  A leopard gecko (D:3)
  6 orcs (D:3)
  10 bats
  6 giant cockroaches
  12 goblins
  8 hobgoblins
  12 kobolds
  5 quokkas
  3 ball pythons
  6 frilled lizards
  9 rats
93 creatures vanquished.

Notes
Turn   | Place    | Note
-------+----------+-------------------------------------------
     0 | D:1      | Leibowitz the Minotaur Fighter began the quest for the Orb.
     0 | D:1      | Reached XP level 1. HP: 19/19 MP: 0/0
    52 | D:1      | Reached XP level 2. HP: 27/27 MP: 1/1
   381 | D:1      | Reached XP level 3. HP: 33/33 MP: 2/2
   785 | D:2      | Reached skill level 1 in Dodging
  1018 | D:2      | Reached XP level 4. HP: 39/40 MP: 3/3
  1485 | D:3      | Found a glowing silver altar of Zin.
  1852 | D:3      | HP: 2/41 [orc priest/divine providence (12)]
  1854 | D:3      | Reached XP level 5. HP: 2/47 MP: 0/4
  2489 | D:3      | Found a sacrificial altar of Ru.
  2497 | D:3      | Reached skill level 5 in Armour
  2519 | D:3      | Noticed Sigmund
  2531 | D:3      | Killed Sigmund
  2531 | D:3      | Reached skill level 5 in Shields
  2531 | D:3      | Reached XP level 6. HP: 41/55 MP: 3/5
  2758 | D:4      | Noticed Dowan
  2758 | D:4      | Noticed Duvessa
  2770 | D:4      | Noticed Blork the orc
  2771 | D:4      | Reached skill level 5 in Long Blades
  2790 | D:4      | Killed Duvessa
  2800 | D:4      | HP: 2/82 [something (4)]
  2801 | D:4      | Slain by Blork the orc

Levels and vault maps discovered:
D:1:      lordsloth_arrival_two_stooges, layout_basic
D:2:      layout_basic, hex_medium
D:3:      layout_loops_ring, nicolae_ru_great_annihilating_truth,
          lemuel_coloured_pillars_altar, minmay_starry_boxes, uniq_sigmund
D:4:      layout_basic, minmay_misc_feat_roman, uniq_duvessa, uniq_blork_the_orc

Skill      XL: |  1  2  3  4  5  6 |
---------------+-------------------+-----
Shields        | 4 5 |  5.3
Armour         | 4 5 |  5.5
Fighting       | 4 |  4.9
Dodging        | 1 2 |  2.1
Long Blades    | 3 4 5 |  5.3
Stealth        | |  0.3

Action                   |  1- 3 |  4- 6 || total
-------------------------+-------+-------++-------
Melee: Long sword        |   110 |   166 ||   276
       Headbutt          |    17 |    23 ||    40
  Use: Potion            |       |     3 ||     3
 Stab: Paralysed         |       |     1 ||     1
  Eat: Chunk             |     1 |     5 ||     6
Armor: Scale mail        |    13 |       ||    13
       Chain mail        |    62 |    46 ||   108
       Ring mail         |       |    10 ||    10
       Skin              |       |     5 ||     5
Dodge: Dodged            |    20 |    50 ||    70
Block: Shield            |    51 |    85 ||   136
       Rpst.: Long sword |     4 |    13 ||    17
